 Dungeon Crawl Stone Soup version 0.30.0-20-g3b4254fcbd (webtiles) character file.

Game seed: 677673680039165187

3071 psilontech the Protected (level 9, -4/79 HPs)
             Began as a Minotaur Fighter on June 1, 2023.
             Was a Believer of Makhleb.
             Killed from afar by an electric eel (9 damage)
             ... with a bolt of electricity
             ... on level 8 of the Dungeon on June 2, 2023.
             The game lasted 01:17:39 (6819 turns).

psilontech the Protected (Minotaur Fighter)         Turns: 6819, Time: 01:17:40

Health: -4/79      AC: 11    Str: 24    XL:     9   Next: 58%
Magic:  17/17      EV:  9    Int:  5    God:    Makhleb [**....]
Gold:   235        SH: 10    Dex: 11    Spells: 8/8 levels left

rFire   x . .        j - +0 war axe (flame)
rCold   + . .        H - +0 buckler of Yredelemnul's Reproof {Will+ MP+9 Stlth+}
rNeg    . . .        L - +0 chain mail
rPois   .            (helmet restricted)
rElec   .            w - scarf {repulsion}
rCorr   .            (no gloves)
SInv    .            (no boots)
Will    +....        h - amulet of reflection Stlth
                     s - +4 ring of slaying
HPRegen 0.33/turn    O - ring of ice
MPRegen 0.15/turn

%: repel missiles, reflection
@: no status effects
A: horns 2, retaliatory headbutt
a: Renounce Religion, Minor Destruction


You were on level 8 of the Dungeon.
You worshipped Makhleb.
Makhleb was pleased with you.
You visited 2 branches of the dungeon, and saw 9 of its levels.

You collected 535 gold pieces.
You spent 300 gold pieces at shops.

Inventory:

Hand Weapons
 a - a +0 war axe
 i - a +0 heavy mace
 j - a +0 war axe of flaming (weapon)
 k - a +2 dagger of pain
 t - a +1 flail of protection
 u - a +2 dagger of speed
 x - a +1 dagger of protection
 C - a +4 whip
 I - a +0 spear of freezing
Missiles
 o - 6 boomerangs of dispersal (quivered)
 F - a throwing net
Armour
 b - a +1 scale mail
 c - a +0 buckler
 f - a +0 ring mail
 w - a scarf of repulsion (worn)
 H - the +0 buckler of Yredelemnul's Reproof (worn) {Will+ MP+9 Stlth+}
   (You found it on level 6 of the Dungeon)

   MP:        It affects your magic capacity (+9).
   Will:      It increases your willpower.
   Stlth:     It makes you more stealthy.
 L - a +0 chain mail (worn)
Magical Staves
 J - a staff of conjuration
Jewellery
 h - an amulet of reflection (around neck)
 p - an amulet of the acrobat
 q - a ring of ice
 s - a +4 ring of slaying (left hand)
 B - a ring of protection from fire
 O - a ring of ice (right hand)
 P - a ring of willpower
Wands
 D - a wand of roots (27)
 G - a wand of polymorph (20)
 K - a wand of flame (15)
 M - a wand of mindburst (26)
Scrolls
 e - a scroll of torment {unknown}
 g - 7 scrolls of fog
 l - 4 scrolls of fear
 n - 3 scrolls of immolation
 v - 2 scrolls of identify
 y - 4 scrolls of vulnerability
 E - 2 scrolls of teleportation
 N - a scroll of noise {unknown}
Potions
 m - a potion of flight
 r - a potion of heal wounds
 A - 3 potions of curing


   Skills:
 + Level 7.3 Fighting
 + Level 6.4(8.5) Axes
 + Level 8.6(9.5) Maces & Flails
 + Level 8.8 Armour
 + Level 2.6 Dodging
 + Level 0.5 Stealth
 + Level 6.7 Shields


You had 8 spell levels left.
You didn't know any spells.
Your spell library contained the following spells:

 Spells                   Type           Power      Damage    Failure   Level
 Slow                     Hex            0%         N/A       96%         1
 Scorch                   Fire           0%         2d5       99%         2
 Confusing Touch          Hex            0%         N/A       100%        3
 Vampiric Draining        Necr           0%         2d6       100%        3
 Flame Wave               Conj/Fire      0%         2d4       100%        4
 Summon Cactus Giant      Summ           0%         N/A       100%        6


Dungeon Overview and Level Annotations

Branches:
Dungeon (8/15)             Temple (1/1) D:5
   Lair: D:8-11

Altars:
Ashenzari
Cheibriados
Dithmenos
Elyvilon
Gozag
Hepliaklqana
Kikubaaqudgha
Makhleb
Nemelex Xobeh
Okawaru
Qazlal
Sif Muna
Trog
Uskayaw
Vehumet
Wu Jian
Xom
Yredelemnul
Zin

Shops:
D:3 [:(=   D:7 *


Innate Abilities, Weirdness & Mutations

You have a pair of horns on your head.
You reflexively headbutt those who attack you in melee.


Message History

The electric eel shoots out a bolt of lightning at you!
The bolt of electricity hits you.
You closely miss the electric eel. Your headbutt misses the electric eel.
You hit the electric eel. You burn the electric eel.
The electric eel shoots out a bolt of lightning at you!
The bolt of electricity hits you.
The electric eel shoots out a bolt of lightning at you!
The bolt of electricity is repelled.
You slash the electric eel! You burn the electric eel.
You headbutt the electric eel.
You kill the electric eel!
Makhleb accepts your kill.
You hear a splash.
You hit the electric eel. You burn the electric eel.
The electric eel shoots out a bolt of lightning at you!
The bolt of electricity hits you.
You closely miss the electric eel. Your headbutt misses the electric eel.
The electric eel is severely wounded.
You slash the electric eel! You burn the electric eel.
You kill the electric eel!
Makhleb accepts your kill.
You feel better.
The electric eel shoots out a bolt of lightning at you!
The bolt of electricity hits you!
The electric eel shoots out a bolt of lightning at you!
The bolt of electricity hits you!
The electric eel shoots out a bolt of lightning at you!
The bolt of electricity hits you!
The electric eel shoots out a bolt of lightning at you!
The bolt of electricity hits you!
* * * LOW HITPOINT WARNING * * *
The electric eel shoots out a bolt of lightning at you!
Keep disrobing? [Y]es or [N]o only, please.
Keep disrobing?
You stop removing your amulet.
The bolt of electricity hits you!
* * * LOW HITPOINT WARNING * * *
The electric eel shoots out a bolt of lightning at you!
The bolt of electricity hits you!
You die...

.........~
...###.##.~~≈≈~~.~.≈≈~..
.#.# ..≈≈≈~...~≈~...
.#.### ..~≈≈~≈.~≈~~...
.....####.~..≈≈~.S≈≈S~..
........#...~~≈~.~≈≈~~..
..##......~~.~≈~.~.~≈...
..##.......~~~~~.~.~~...
........#.....~~@†.~....
...#....................
...#....................
...............#.##.....
..............##........
..............))........
......#.......)...##....
#...##.........#..# .##
.#..##..###.#..#### #


You could see 2 electric eels.

Vanquished Creatures
  Pikel (D:7)
  A troll (D:8)
  Sigmund (D:6)
  An ice beast (D:7)
  A black bear (D:6)
  An orc warrior (D:6)
  An ogre (D:6)
  2 wolves (D:8)
  2 centaurs
  A lemure (D:7)
  A phantom (D:6)
  A kobold brigand (D:6)
  2 bullfrogs
  2 scorpions
  2 electric eels (D:8)
  2 howler monkeys
  7 orc priests
  5 hounds
  A gnoll bouda (D:8)
  A sleepcap (D:4)
  6 orc wizards
  18 gnolls
  8 adders
  A shadow imp (D:7)
  A white imp (D:7)
  3 worms
  A dart slug (D:2)
  46 orcs
  8 endoplasms
  A giant cockroach (D:2)
  2 goblins (D:2)
  4 hobgoblins
  2 quokkas (D:4)
  7 ball pythons
  8 bats
  A frilled lizard (D:1)
  14 kobolds
  6 rats
173 creatures vanquished.

Vanquished Creatures (others)
  An orc (D:8)
1 creature vanquished.

Grand Total: 174 creatures vanquished

Notes
Turn   | Place    | Note
-------+----------+-------------------------------------------
     0 | D:1      | psilontech the Minotaur Fighter began the quest for the
                  | Orb.
     0 | D:1      | Reached XP level 1. HP: 19/19 MP: 0/0
   253 | D:1      | Reached XP level 2. HP: 27/27 MP: 1/1
   581 | D:2      | Reached XP level 3. HP: 27/33 MP: 2/2
  1455 | D:3      | Reached XP level 4. HP: 15/41 MP: 3/3
  1489 | D:3      | Reached XP level 5. HP: 24/47 MP: 4/4
  1509 | D:3      | Found Byughiuk's Weapon Shop.
  1625 | D:3      | Found Jism's Book Emporium.
  1636 | D:3      | Reached skill level 1 in Dodging
  1671 | D:3      | Reached skill level 5 in Armour
  1856 | D:3      | Found Duppeina's Antique Armour Boutique.
  1951 | D:3      | Found Matuc's Jewellery Boutique.
  2013 | D:3      | Bought an amulet of reflection for 300 gold pieces
  2076 | D:4      | Reached skill level 5 in Fighting
  2092 | D:4      | Reached skill level 1 in Maces & Flails
  2177 | D:4      | Reached XP level 6. HP: 56/56 MP: 5/5
  2179 | D:4      | Found a bloodstained altar of Trog.
  2413 | D:4      | Upgraded the game from 0.30.0-19-g36f170ea60 to
                  | 0.30.0-20-g3b4254fcbd
  2699 | D:5      | Entered Level 5 of the Dungeon
  3033 | D:5      | Found a staircase to the Ecumenical Temple.
  3577 | Temple   | Entered the Ecumenical Temple
  3577 | Temple   | Found a transporter.
  3577 | Temple   | Found a transporter.
  3581 | Temple   | Found a transporter.
  3581 | Temple   | Found a transporter.
  3710 | Temple   | Became a worshipper of Makhleb the Destroyer
  3793 | D:6      | Noticed an orc warrior
  3798 | D:6      | Reached XP level 7. HP: 51/61 MP: 6/6
  3838 | D:6      | Reached skill level 5 in Maces & Flails
  3858 | D:6      | Identified the +0 buckler of Yredelemnul's Reproof {Will+
                  | MP+9 Stlth+}
  4012 | D:6      | Noticed Sigmund
  4023 | D:6      | Killed Sigmund
  4211 | D:6      | Reached XP level 8. HP: 66/70 MP: 7/7
  4246 | D:6      | Reached * piety under Makhleb
  4302 | D:6      | Reached skill level 5 in Shields
  5179 | D:7      | Found Neragg's Gadget Gallery.
  5472 | D:7      | Found a radiant altar of Vehumet.
  5684 | D:7      | Noticed Pikel
  5692 | D:7      | Killed Pikel
  5693 | D:7      | Reached XP level 9. HP: 72/78 MP: 8/8
  6610 | D:8      | Noticed a troll
  6621 | D:8      | Killed a troll
  6622 | D:8      | Reached skill level 5 in Axes
  6627 | D:8      | Reached ** piety under Makhleb
  6819 | D:8      | Killed from afar by an electric eel

Illustrated notes

Levels and vault maps discovered:
D:1:      tekkud_arrival_beachfront_property, layout_rooms, grunt_decor_junction
D:2:      layout_basic
D:3:      layout_basic, serial_shops, nicolae_shop_crystal, shop, shop_coins,
          shop_coins
D:4:      layout_cave_pools, bloody_trog, minmay_vboxes
D:5:      layout_cave_pods, minmay_temple_entry_waves
D:6:      layout_cave_pods, uniq_sigmund
D:7:      layout_layer_cave, nicolae_vehumet_altar_sigil, nicolae_shop_gadgets,
          uniq_pikel
D:8:      layout_cave_pools, erik_lair_island, serial_column_ruins,
          column_ruins_grid_3, column_ruins_open_medium,
          column_ruins_open_small, column_ruins_open_tiny,
          column_ruins_corridor_straight, column_ruins_columns_straight,
          column_ruins_grid_1
Temple:   hellmonk_temple_divided_pantheon

Skill      XL: |  1  2  3  4  5  6  7  8  9 |
---------------+----------------------------+-----
Armour         | 4 5 7 8 |  8.8
Shields        | 4 6 |  6.7
Fighting       | 4 5 6 7 |  7.3
Axes           | 3 4 6 |  6.4
Dodging        | 1 2 |  2.6
Maces & Flails | 2 4 6 8 |  8.6
Stealth        | |  0.5

Action                     |  1- 3 |  4- 6 |  7- 9 || total
---------------------------+-------+-------+-------++-------
  Melee: War axe           |    67 |     4 |    45 ||   116
         Headbutt          |     5 |    18 |    27 ||    50
         Flail             |       |   110 |    92 ||   202
    Use: Potion            |     1 |     4 |     9 ||    14
         Scroll            |       |     8 |     1 ||     9
 Armour: Scale mail        |    25 |    21 |    18 ||    64
         Chain mail        |       |       |    60 ||    60
  Dodge: Dodged            |    32 |    36 |    55 ||   123
         Repelled          |       |       |     1 ||     1
  Block: Buckler           |     9 |    33 |    98 ||   140
         Reflection        |       |     1 |     6 ||     7
